 Dungeon Crawl Stone Soup version 0.30-a0-709-gcdc1b43e22 (webtiles) character file.

Game seed: 13545971098480396125

43377 Conn the Thaumaturge (level 14, 0/81 HPs)
             Began as an Octopode Fire Elementalist on Jan 22, 2023.
             Was a High Priest of Sif Muna.
             Slain by a catoblepas (14 damage)
             ... while petrified by a catoblepas
             ... on level 4 of the Lair of Beasts.
             The game lasted 01:04:05 (18279 turns).

Conn the Thaumaturge (Octopode Fire Elementalist)  Turns: 18279, Time: 01:04:06

Health: 0/81       AC:  7    Str:  5    XL:     14   Next: 24%
Magic:  20/38      EV:  2    Int: 28    God:    Sif Muna [*****.]
Gold:   1309       SH:  0    Dex: 15    Spells: 0/35 levels left

rFire   + + .      SeeInvis .    I - staff of poison
rCold   + + .      Faith    .    E - +2 shield of Resistance {rF++ rC++ Will++}
rNeg    + + +      Spirit   .    Q - +2 hat of the Orb {+Blink Str-3 Dex+3 Stlth+}
rPois   ∞          Reflect  .    y - amulet of the acrobat
rElec   .          Harm     .    c - +5 ring of evasion
rCorr   +          Rampage  .    r - ring of resist corrosion
Will    +++..                    M - +4 ring of protection
Stlth   +++++                    O - ring of flight
HPRegen 0.33/turn                u - +6 ring of intelligence
MPRegen 0.26/turn                W - ring of magical power
                                 (no ring)
                                 (no ring)

@: petrified, flying
A: almost no armour, amphibious, 8 rings, camouflage 1, gelatinous body 1,
(nimble swimmer 1), tentacles, MP-powered wands
a: Renounce Religion, Evoke Blink, Channel Magic, Forget Spell, Divine Exegesis


You were on level 4 of the Lair of Beasts.
You worshipped Sif Muna.
Sif Muna was extremely pleased with you.
You visited 3 branches of the dungeon, and saw 17 of its levels.

You collected 1309 gold pieces.

Inventory:

Hand Weapons
 a - a +4 hand axe
 z - a +0 dagger
 B - a +0 flail of protection
 L - a +1 shortbow of freezing
Missiles
 j - 11 poisoned darts
 t - 6 silver javelins
 P - 11 throwing nets
Armour
 p - a +3 buckler
 E - the +2 shield of Resistance (worn) {rF++ rC++ Will++}
   (You found it on level 10 of the Dungeon)

   rF:        It greatly protects you from fire.
   rC:        It greatly protects you from cold.
   Will:      It greatly increases your willpower.
 Q - the +2 hat of the Orb (worn) {+Blink Str-3 Dex+3 Stlth+}
   (You acquired it on level 1 of the Lair of Beasts)

   Str:       It affects your strength (-3).
   Dex:       It affects your dexterity (+3).
   +Blink:    It lets you blink.
   Stlth:     It makes you more stealthy.
Magical Staves
 b - a staff of conjuration
 I - a staff of poison (weapon)
Jewellery
 c - a +5 ring of evasion (left tentacle)
 r - a ring of resist corrosion (right tentacle)
 u - a +6 ring of intelligence (on tentacle)
 x - a ring of ice
 y - an amulet of the acrobat (around mantle)
 M - a +4 ring of protection (on tentacle)
 O - a ring of flight (on tentacle)
 W - a ring of magical power (on tentacle)
 X - an amulet of faith
Wands
 q - a wand of iceblast (16)
 F - a wand of charming (39)
 J - a wand of flame (37)
 N - a wand of acid (6)
 R - a wand of polymorph (4)
Scrolls
 d - 2 scrolls of immolation
 i - 3 scrolls of fog
 k - 3 scrolls of amnesia
 l - 2 scrolls of poison
 s - 5 scrolls of identify
 w - a scroll of enchant armour
 D - 6 scrolls of teleportation
 H - a scroll of magic mapping
 K - a scroll of butterflies
 U - a scroll of brand weapon
Potions
 e - 2 potions of ambrosia
 f - 2 potions of lignification
 g - 2 potions of attraction
 m - a potion of invisibility
 n - 2 potions of haste
 o - 5 potions of curing
 v - a potion of magic
 A - a potion of flight
 C - 5 potions of might
 G - 3 potions of heal wounds
 S - a potion of berserk rage
 T - a potion of resistance
Miscellaneous
 Y - a phantom mirror


   Skills:
 + Level 2.2 Fighting
 + Level 1.8 Short Blades
 + Level 2.5 Staves
 + Level 4.2 Dodging
 + Level 5.5 Stealth
 * Level 5.1 Shields
 + Level 11.4 Spellcasting
 * Level 10.3 Conjurations
 + Level 5.6 Hexes
 * Level 6.4 Summonings
 + Level 4.3 Translocations
 + Level 4.5 Transmutations
 + Level 10.0 Fire Magic
 * Level 3.8 Air Magic
 + Level 4.4 Poison Magic
 + Level 7.4 Invocations
 + Level 0.5 Evocations


You couldn't memorise any spells.
You knew the following spells:

 Your Spells              Type           Power      Damage    Failure   Level
a - Foxfire               Conj/Fire      100%       2x1d9     1%          1
b - Summon Small Mammal   Summ           100%       N/A       1%          1
c - Inner Flame           Hex/Fire       56%        N/A       1%          3
d - Flame Wave            Conj/Fire      64%        2d15      1%          4
e - Scorch                Fire           100%       2d10      1%          2
f - Slow                  Hex            100%       N/A       1%          1
g - Spider Form           Tmut/Pois      57%        N/A       4%          3
h - Apportation           Tloc           80%        N/A       1%          1
i - Summon Lightning Spi  Summ/Air       44%        N/A       12%         4
j - Mephitic Cloud        Conj/Pois/Air  66%        N/A       2%          3
k - Call Imp              Summ           51%        N/A       1%          2
l - Fireball              Conj/Fire      32%        3d14      4%          5
m - Lightning Bolt        Conj/Air       26%        1d42      16%         5

Your spell library contained the following spells:

 Spells                   Type           Power      Damage    Failure   Level
 Beastly Appendage        Tmut           82%        N/A       1%          1
 Magic Dart               Conj           100%       1d8       1%          1
 Momentum Strike          Conj/Tloc      100%       3d10      1%          2
 Lesser Beckoning         Tloc           80%        N/A       2%          2
 Wereblood                Tmut           41%        N/A       2%          2
 Kindle Blastsparks       Fire/Tloc/Air  100%       2d18      2%          3
 Confusing Touch          Hex            47%        N/A       3%          3
 Gell's Gravitas          Tloc           40%        N/A       4%          3
 Teleport Other           Tloc           40%        N/A       4%          3
 Necrotise                Necr           60%        1d7       10%         1
 Passage of Golubria      Tloc           40%        N/A       16%         4
 Vampiric Draining        Necr           15%        2d7       28%         3
 Spellforged Servitor     Conj/Summ      29%        N/A       95%         7
 Malign Gateway           Summ/Tloc      23%        N/A       100%        7


Dungeon Overview and Level Annotations

Branches:
Dungeon (11/15)            Temple (1/1) D:6            Lair (5/5) D:11
 Shoals (0/4) Lair:2        Snake (0/4) Lair:2        Slime (0/5) Lair:4
    Orc (0/2) D:11

Altars:
Elyvilon
Kikubaaqudgha
Makhleb
Ru
Sif Muna
Trog
Uskayaw
Vehumet
Zin
The Shining One

Shops:
D:7 [


Innate Abilities, Weirdness & Mutations

You cannot wear most types of armour.
You are amphibious.
You can wear up to eight rings at the same time.
Your skin changes colour to match your surroundings (Stealth+).
Your rubbery body absorbs attacks. (AC +1, EV +1)
((You are camouflaged when in or above water. (Stealth+)))
You have tentacles for arms and can constrict up to eight enemies at once.
You expend magic power (3 MP) to strengthen your wands.


Message History

Confirm with . or Enter, or press ? or * to list all spells.
Flames lash the catoblepas.
The catoblepas is lightly wounded.
The catoblepas's fire resistance burns away.
Casting: Scorch (safe; 1% risk of failure)
Confirm with . or Enter, or press ? or * to list all spells.
Casting: Flame Wave (dangerous; 1% risk of failure)
Press: ? - help, Dir - look around, f - activate A wave of flame ripples out!
The flame wave engulfs the catoblepas!!
The catoblepas is burned terribly!
The catoblepas is moderately wounded. (Press . to intensify the flame waves.)
You hear an angry hiss.
You hear a bellow! x2
The catoblepas gores you!
Unknown command.
A wave of flame ripples out!
The flame wave engulfs the catoblepas.
The catoblepas is burned terribly!
The catoblepas is moderately wounded.
You hear an angry hiss.
The catoblepas is no longer more vulnerable to fire.
The catoblepas breathes a plume of calcifying dust at you.
The blast of calcifying dust hits you.
You are engulfed in calcifying dust.
You are slowing down.
The catoblepas gores you!
You fly upwards.
You have turned to stone.
The catoblepas completely misses you. The catoblepas gores you!!
The catoblepas breathes a plume of calcifying dust at you.
The blast of calcifying dust hits you.
You are engulfed in calcifying dust.
The catoblepas gores you!
You are engulfed in calcifying dust.
The catoblepas gores you!!
* * * LOW HITPOINT WARNING * * *
You are engulfed in calcifying dust.
The catoblepas gores you.
You are engulfed in calcifying dust.
The catoblepas breathes a plume of calcifying dust at you.
The blast of calcifying dust hits you.
* * * LOW HITPOINT WARNING * * *
You are engulfed in calcifying dust.
The catoblepas gores you!!
You die...

...P..#..........#####
.#...#..........###..##
.#.#..#.......### #...##
.#....#.......# #....#
.##..#......#.# ##...##
####.#.#...#### ##...##
#.##.#....## ###.§###
...######## #..§##
...####### ###.@.P#
.P.##....####..Y...#
...##.P............#
..#................#
##...#.............#
##.................##
...#................##
.#..P.#..##..........#
......#..............###


You could see a catoblepas.

Vanquished Creatures
  Gastronok (Lair:1)
  A two-headed ogre (D:10)
  2 ogre magi (D:10)
  A boulder beetle (Lair:2)
  Nergalle (D:11)
  The ghost of Fandomethor the Thaumaturge, a novice DrFE of Vehumet (D:7)
  Pikel (D:6)
  4 lindwurms (Lair:3)
  An orc knight (D:10)
  A cyclops (D:11)
  An oklob plant (D:11)
  7 black mambas
  6 elephants (Lair:4)
  A gargoyle (D:10)
  3 torpor snails
  8 cane toads
  8 komodo dragons
  4 rime drakes
  A queen bee (Lair:4)
  A troll (D:10)
  3 meliai (Lair:4)
  2 hornets
  13 blink frogs
  A spriggan (Lair:5)
  2 wraiths
  54 yaks
  3 basilisks (Lair:4)
  7 wyverns
  2 steam dragons
  An acid dragon (D:10)
  12 water moccasins
  A black bear (Lair:2)
  4 ice beasts
  5 orc warriors
  3 ogres
  23 wolves
  4 centaurs
  12 bullfrogs
  4 gnoll sergeants
  2 scorpions
  2 necrophages
  4 wights (D:9)
  46 killer bees
  4 howler monkeys (D:9)
  3 jellies
  6 gnoll boudas
  7 orc priests
  13 hounds
  Jessica (D:2)
  5 iguanas
  11 orc wizards
  A hell rat (Lair:4)
  The ghost of lennard the Sneak, a weakling OpDe (D:7)
  36 gnolls
  6 adders
  4 white imps
  An ufetubus (D:6)
  4 worms (D:2)
  2 dart slugs
  19 orcs
  5 ball pythons
  11 endoplasms
  2 giant cockroaches
  9 goblins
  5 hobgoblins
  4 jackals (D:8)
  5 kobolds
  6 quokkas
  9 bats
  7 frilled lizards
  9 rats
460 creatures vanquished.

Vanquished Creatures (collateral kills)
  An elephant (Lair:4)
  3 blink frogs (Lair:3)
  2 killer bees (Lair:4)
  5 foxfires
11 creatures vanquished.

Vanquished Creatures (others)
  A rime drake (Lair:4)
  1013 foxfires
  26 fungi
  63 plants
1103 creatures vanquished.

Grand Total: 1574 creatures vanquished

Notes
Turn   | Place    | Note
-------+----------+-------------------------------------------
     0 | D:1      | Conn the Octopode Fire Elementalist began the quest for the
                  | Orb.
     0 | D:1      | Reached XP level 1. HP: 11/11 MP: 3/3
   143 | D:1      | Reached XP level 2. HP: 17/17 MP: 0/5
   389 | D:1      | Reached XP level 3. HP: 21/21 MP: 0/6
  1083 | D:2      | Found a faded altar of an unknown god.
  1211 | D:2      | Noticed Jessica
  1220 | D:2      | Learned a level 2 spell: Scorch
  1224 | D:2      | Learned a level 3 spell: Inner Flame
  1232 | D:2      | Killed Jessica
  1233 | D:2      | Reached XP level 4. HP: 27/27 MP: 2/8
  1417 | D:2      | Reached skill level 3 in Spellcasting
  1700 | D:3      | Found a burning altar of Makhleb.
  1826 | D:3      | Found a sacrificial altar of Ru.
  1852 | D:3      | Reached XP level 5. HP: 25/32 MP: 4/9
  1968 | D:3      | Reached skill level 1 in Short Blades
  2288 | D:3      | Learned a level 4 spell: Flame Wave
  2721 | D:4      | Reached XP level 6. HP: 37/37 MP: 0/10
  2847 | D:3      | Learned a level 1 spell: Summon Small Mammal
  3010 | D:4      | Identified the +2 pair of gloves "Teobroh" {rC+ Will+
                  | Regen+ Slay+3}
  3348 | D:5      | Entered Level 5 of the Dungeon
  3383 | D:5      | Learned a level 1 spell: Slow
  3429 | D:5      | Noticed an ice beast
  3693 | D:5      | Reached XP level 7. HP: 42/42 MP: 7/12
  3816 | D:5      | Reached skill level 1 in Summonings
  3849 | D:5      | Reached skill level 4 in Spellcasting
  3849 | D:5      | Reached skill level 1 in Hexes
  4389 | D:6      | Noticed Pikel
  4441 | D:6      | Killed Pikel
  4442 | D:6      | Reached XP level 8. HP: 47/47 MP: 0/15
  4573 | D:6      | Reached skill level 5 in Spellcasting
  4586 | D:6      | Reached skill level 5 in Fire Magic
  4834 | D:6      | Reached XP level 9. HP: 31/52 MP: 1/17
  4998 | D:6      | Found a staircase to the Ecumenical Temple.
  5008 | Temple   | Entered the Ecumenical Temple
  5016 | Temple   | Became a worshipper of Sif Muna the Loreminder
  5261 | D:6      | Reached skill level 5 in Conjurations
  5410 | D:6      | Found a bloodstained altar of Trog.
  5877 | D:7      | Noticed a hornet
  5885 | D:7      | Killed a hornet
  5886 | D:7      | Reached skill level 6 in Spellcasting
  5892 | D:7      | Reached skill level 5 in Summonings
  6025 | D:7      | Reached skill level 1 in Fighting
  6025 | D:7      | Reached skill level 5 in Stealth
  6037 | D:7      | Reached * piety under Sif Muna
  6038 | D:7      | Reached XP level 10. HP: 18/58 MP: 0/19
  6417 | D:7      | Found Bugecyog's Armour Shoppe.
  6494 | D:7      | Found a runed translucent gate.
  6494 | D:7      | Found a runed translucent gate.
  6494 | D:7      | Found a runed translucent gate.
  6495 | D:7      | Noticed lennard's ghost (weakling OpDe)
  6496 | D:7      | Noticed Fandomethor's ghost (novice DrFE)
  6527 | D:7      | Learned a level 3 spell: Spider Form
  6861 | D:8      | Reached skill level 1 in Invocations
  6868 | D:8      | Reached skill level 7 in Spellcasting
  7409 | D:8      | Reached ** piety under Sif Muna
  7410 | D:8      | Reached skill level 1 in Transmutations
  8151 | D:8      | Learned a level 1 spell: Apportation
  8693 | D:10     | Entered Level 10 of the Dungeon
  9255 | D:9      | Reached skill level 8 in Spellcasting
  9388 | D:9      | Reached XP level 11. HP: 63/63 MP: 5/23
  9388 | D:9      | Reached *** piety under Sif Muna
 10097 | D:10     | Found the +2 shield of Resistance {rF++ rC++ Will++}
 10426 | D:10     | Found a glowing silver altar of Zin.
 10510 | D:10     | Found a transporter.
 10510 | D:10     | Found a transporter.
 10510 | D:10     | Noticed an orc knight
 10515 | D:10     | Noticed an ogre mage
 10556 | D:10     | Reached skill level 5 in Hexes
 10648 | D:10     | Noticed a two-headed ogre
 10655 | D:10     | Killed a two-headed ogre
 10890 | D:7      | Killed Fandomethor's ghost
 10895 | D:7      | Killed lennard's ghost
 11098 | D:11     | Found a staircase to the Orcish Mines.
 11113 | D:11     | Noticed a cyclops
 11285 | D:10     | Noticed an ogre mage
 11338 | D:10     | Killed an ogre mage
 11339 | D:10     | Reached skill level 9 in Spellcasting
 11355 | D:10     | Killed an ogre mage
 11382 | D:10     | Killed an orc knight
 11383 | D:10     | Reached skill level 5 in Invocations
 11680 | D:11     | Killed a cyclops
 11681 | D:11     | Reached XP level 12. HP: 47/69 MP: 15/25
 12131 | D:11     | Found a staircase to the Lair.
 12137 | D:11     | Reached skill level 1 in Translocations
 12231 | D:11     | Noticed Nergalle
 12237 | D:11     | Killed Nergalle
 12238 | D:11     | Reached skill level 1 in Shields
 12238 | D:11     | Reached skill level 1 in Poison Magic
 12344 | D:11     | Found a glowing golden altar of the Shining One.
 12549 | Lair:1   | Entered Level 1 of the Lair of Beasts
 12771 | Lair:1   | Reached **** piety under Sif Muna
 12951 | Lair:1   | Identified a scroll of acquirement
 12951 | Lair:1   | Acquired the +2 hat of the Orb {+Blink Str-3 Dex+3 Stlth+}
 13361 | Lair:1   | Noticed Gastronok
 13571 | Lair:1   | Killed Gastronok
 13572 | Lair:1   | Reached skill level 1 in Staves
 13572 | Lair:1   | Reached skill level 10 in Spellcasting
 14179 | Lair:2   | Found a staircase to the Snake Pit.
 14242 | Lair:2   | Noticed a boulder beetle
 14246 | Lair:2   | Found a staircase to the Shoals.
 14254 | Lair:2   | Killed a boulder beetle
 14255 | Lair:2   | Reached XP level 13. HP: 41/73 MP: 2/27
 14720 | Lair:2   | Gained mutation: You are partially covered in iridescent
                  | scales. (AC +2) [potion of mutation]
 14720 | Lair:2   | Gained mutation: Your magical capacity is low. (-10% MP)
                  | [potion of mutation]
 14721 | Lair:2   | Lost mutation: You are partially covered in iridescent
                  | scales. (AC +2) [potion of mutation]
 14721 | Lair:2   | Lost mutation: Your magical capacity is low. (-10% MP)
                  | [potion of mutation]
 14721 | Lair:2   | Gained mutation: You sometimes lose your temper in combat.
                  | [potion of mutation]
 15055 | Lair:3   | Reached ***** piety under Sif Muna
 15061 | Lair:3   | Received a gift from Sif Muna
 15062 | Lair:3   | Got Sif Muna's Parchment of the Flock {god gift}
 15679 | Lair:3   | Learned a level 4 spell: Summon Lightning Spire
 15683 | Lair:3   | Learned a level 3 spell: Mephitic Cloud
 15686 | Lair:3   | Learned a level 2 spell: Call Imp
 16134 | Lair:4   | Reached skill level 1 in Air Magic
 16329 | Lair:4   | Reached skill level 11 in Spellcasting
 16581 | Lair:4   | Found a staircase to the Slime Pits.
 16760 | Lair:4   | Reached XP level 14. HP: 80/80 MP: 29/29
 16871 | Lair:4   | Received a gift from Sif Muna
 16874 | Lair:4   | Reached skill level 10 in Conjurations
 16881 | Lair:4   | Got Sif Muna's Papyrus of Topology and Assaults {god gift}
 16888 | Lair:4   | Learned a level 5 spell: Fireball
 16898 | Lair:4   | Learned a level 5 spell: Lightning Bolt
 16954 | Lair:4   | Lost mutation: You sometimes lose your temper in combat.
                  | [potion of mutation]
 16954 | Lair:4   | Gained mutation: You expend magic power (3 MP) to
                  | strengthen your wands. [potion of mutation]
 17572 | Lair:4   | Reached skill level 5 in Shields
 17933 | Lair:5   | Entered Level 5 of the Lair of Beasts
 17947 | Lair:5   | Reached skill level 10 in Fire Magic
 18279 | Lair:4   | Slain by a catoblepas

Illustrated notes

Levels and vault maps discovered:
D:1:      minmay_arrival_jagged, layout_rooms, minmay_misc_feat_hallway
D:2:      layout_basic, basic_ecumenical_altar, minmay_vboxes, uniq_jessica
D:3:      layout_loops_cross, nicolae_ru_sacrificial_ziggurat,
          mainiacjoe_overflow_alcove_1
D:4:      layout_rooms
D:5:      layout_loops_ring
D:6:      layout_loops_ring, lightli_temple_of_fire, minmay_temple_entry_grid,
          minmay_joined_circles, uniq_pikel
D:7:      layout_rooms, serial_shops, nicolae_stop_n_shop_2,
          gammafunk_ghost_cemetery
D:8:      layout_cave_pools, serial_gnoll_camp, gnoll_camp_medium_02,
          gnoll_camp_mini_doghouse, gnoll_camp_huts_basic,
          gnoll_camp_mini_loothouse, lemuel_flame_loot_1
D:9:      layout_basic
D:10:     gammafunk_beogh_shrine, layout_basic, mainiacjoe_overflow_tiny_flanked
D:11:     layout_loops_ring, dpeg_oklobed_lair, orc_0_dummy,
          nicolae_tso_carved_into_rock, uniq_nergalle
Temple:   regret_index_temple_mists
Lair:1:   layout_concentric_octagons, grunt_megastairs_3,
          infiniplex_staircase_pool_2, uniq_gastronok
Lair:2:   layout_hall_layers, minmay_shoals_entry_centaurs,
          minmay_snake_entry_six_corridors, st_stairs_8, nzn_sisyphean_effort
Lair:3:   layout_misc_corridors, minmay_lindwurm_lava
Lair:4:   regret_index_tunnel_blossom, layout_cave_pods,
          nicolae_slime_entry_slimehenge, beast_lair_carwin_7
Lair:5:   hellmonk_lair_end_abyssal_woods, layout_regular_city,
          nicolae_lair_lakeside_cave, grunt_megastairs_5

Skill      XL: |  1  2  3  4  5  6  7  8  9 10 11 12 13 14 |
---------------+-------------------------------------------+-----
Stealth        | 3 4 5 |  5.5
Spellcasting   | 3 4 5 6 8 9 10 11 | 11.4
Conjurations   | 2 3 4 5 6 7 8 9 10 | 10.3
Short Blades   | 1 |  1.8
Fire Magic     | 4 5 6 7 8 9 10 | 10.0
Summonings     | 2 3 5 6 |  6.4
Hexes          | 2 3 4 5 |  5.6
Dodging        | 3 4 |  4.2
Fighting       | 1 2 |  2.2
Invocations    | 3 5 6 7 |  7.4
Transmutations | 2 4 |  4.5
Translocations | 3 4 |  4.3
Shields        | 3 4 5 |  5.1
Poison Magic   | 3 4 |  4.4
Staves         | 1 2 |  2.5
Air Magic      | 3 |  3.8
Evocations     | |  0.5

Action                     |  1- 3 |  4- 6 |  7- 9 | 10-12 | 13-15 || total
---------------------------+-------+-------+-------+-------+-------++-------
  Melee: Dagger            |    36 |    38 |       |       |       ||    74
         Unarmed           |     3 |       |       |       |       ||     3
         Constrict         |    11 |    14 |     3 |    13 |     9 ||    50
         Tentacles         |     6 |     9 |     4 |    16 |    12 ||    47
         Hand axe          |       |     4 |       |       |       ||     4
         Staff             |       |       |    25 |    57 |    36 ||   118
         Punch             |       |       |       |     2 |     1 ||     3
   Cast: Foxfire           |    50 |    85 |    72 |   254 |   139 ||   600
         Scorch            |     1 |     5 |    30 |    96 |    43 ||   175
         Inner Flame       |       |     1 |     8 |    24 |     8 ||    41
         Slow              |       |     4 |       |     8 |       ||    12
         Summon Small Mamm |       |     1 |     7 |     5 |       ||    13
         Flame Wave        |       |     1 |     4 |    49 |    50 ||   104
         Apportation       |       |       |       |     5 |       ||     5
         Spider Form       |       |       |       |     1 |       ||     1
 Invoke: Channel Magic     |       |       |       |     2 |     3 ||     5
  Evoke: Wand              |       |     2 |     1 |       |     4 ||     7
    Use: Scroll            |       |     2 |     1 |    21 |     5 ||    29
         Potion            |       |     2 |       |     6 |     6 ||    14
   Stab: Sleeping          |     2 |     7 |       |       |     1 ||    10
         Distracted        |       |     1 |       |       |       ||     1
 Armour: Skin              |     5 |     8 |     3 |    36 |    10 ||    62
  Dodge: Dodged            |    58 |    56 |    49 |   134 |   153 ||   450
  Block: Kite shield       |       |       |       |    36 |   103 ||   139

Table legend: (Time is in decaauts)
 A = Elapsed time spent in this place.
 B = Non-inter-level travel time spent in this place.
 C = Inter-level travel time spent in this place.
 D = Time resting spent in this place.
 E = Time spent auto-exploring this place.
 F = Levels seen in this place.
 G = Mean time per level.
                   A        B        C        D        E       F      G
               +--------+--------+--------+--------+--------+-----+--------+
         Total |  18299 |  17799 |    500 |   1454 |  12157 |  17 | 1076.4 |
       Dungeon |  12525 |  12143 |    382 |   1006 |   8352 |  11 | 1138.6 |
        Temple |     16 |      8 |      8 |      0 |      0 |   1 |   16.0 |
          Lair |   5756 |   5647 |    109 |    448 |   3805 |   5 | 1151.2 |
               +--------+--------+--------+--------+--------+-----+--------+

Top non-repeatable levels by time:
  Lair:4: 2135 daAuts
     D:8: 1758 daAuts
    D:10: 1550 daAuts
     D:6: 1427 daAuts
     D:9: 1395 daAuts
  Lair:1: 1377 daAuts
  Lair:2: 1160 daAuts
     D:3: 1066 daAuts
     D:7: 1037 daAuts
  Lair:3: 1022 daAuts
    D:11: 970 daAuts
     D:2: 887 daAuts
     D:5: 839 daAuts
     D:1: 802 daAuts
     D:4: 789 daAuts
